 Dungeon Crawl Stone Soup version 0.23-a0-619-g281719c6f9 (webtiles) character file.

66 Morenatsu the Conjurer (level 3, 0/26 HPs)
             Began as a Draconian Conjurer on Dec 23, 2018.
             Slain by an iguana (8 damage)
             ... on level 3 of the Dungeon.
             The game lasted 00:05:36 (1709 turns).

Morenatsu the Conjurer (Draconian Conjurer)         Turns: 1709, Time: 00:05:37

Health: 0/26       AC:  5    Str: 10    XL:     3   Next: 96%
Magic:  0/6        EV: 12    Int: 16    God:
Gold:   93         SH:  0    Dex: 11    Spells: 5/6 levels left

rFire    x . .     SeeInvis .   c - +1 short sword
rCold    + . .     Gourm    .   (no shield)
rNeg     . . .     Faith    .   (armour unavailable)
rPois    .         Spirit   .   (helmet restricted)
rElec    .         Reflect  .   (no cloak)
rCorr    .         Harm     .   (no gloves)
MR       .....                  (no boots)
Stlth    ++........             (no amulet)
HPRegen  0.08/turn              f - ring of ice
MPRegen  0.10/turn              (no ring)

@: no status effects
A: unfitting armour, cold-blooded, AC +5
a: no special abilities


You were on level 3 of the Dungeon.
You were hungry.

You visited 1 branch of the dungeon, and saw 3 of its levels.

You collected 93 gold pieces.

Inventory:

Hand Weapons
 c - a +1 short sword (weapon)
Jewellery
 f - a ring of ice (left hand)
Scrolls
 g - 3 scrolls of teleportation
 i - a scroll of identify
Potions
 d - a potion of agility {unknown}
 e - a potion of flight {unknown}
 h - a potion of brilliance {unknown}
Comestibles
 a - 3 chunks of flesh
 b - a ration


   Skills:
 - Level 0.1 Fighting
 - Level 0.2 Short Blades
 - Level 2.0 Dodging
 - Level 1.7 Stealth
 - Level 2.0 Spellcasting
 + Level 5.4 Conjurations


You had 5 spell levels left.
You knew the following spells:

 Your Spells              Type           Power        Failure   Level  Hunger
a - Magic Dart            Conj           ###.         2%          1    #......

Your spell library contained the following spells:

 Spells                   Type           Power        Failure   Level  Hunger
 Searing Ray              Conj           ###...       3%          2    ###....
 Confusing Touch          Hex            #.....       21%         1    #......
 Dazzling Spray           Conj/Hex       ##....       21%         3    ###....
 Iskenderun's Mystic Bla  Conj           ###.....     22%         4    #####..
 Confuse                  Hex            #.......     52%         3    ###....
 Gell's Gravitas          Tloc           #.........   52%         3    ###....
 Force Lance              Conj/Tloc      ##......     56%         4    #####..
 Fulminant Prism          Conj/Hex       ##........   56%         4    #####..
 Petrify                  Tmut/Erth      #.......     90%         4    #####..
 Metabolic Englaciation   Hex/Ice        #.........   99%         5    ######.
 Yara's Violent Unravell  Hex/Tmut       #.........   99%         5    ######.


Dungeon Overview and Level Annotations

Branches:
Dungeon (3/15)

Altars:

Annotations:
D:2 Sigmund


Innate Abilities, Weirdness & Mutations

Your plain brown scales are hard. (AC +5)
You cannot fit into any form of body armour.
You are cold-blooded and may be slowed by cold attacks.


Message History

Anything else - Cancel.
You shout for attention!
The iguana closely misses you.
Casting: Magic Dart (safe; 2% risk of failure)
Confirm with . or Enter, or press ? or * to list all spells.
Aiming: Magic Dart (safe; 2% risk of failure)
Press: ? - help, Shift-Dir - straight line, f/p - iguana
Aim: an iguana (heavily wounded)
The magic dart hits the iguana.
The iguana is severely wounded.
The iguana closely misses you.
Casting: Magic Dart (safe; 2% risk of failure)
Confirm with . or Enter, or press ? or * to list all spells.
Aiming: Magic Dart (safe; 2% risk of failure)
Press: ? - help, Shift-Dir - straight line, f/p - iguana
Aim: an iguana (severely wounded)
The magic dart hits the iguana.
The iguana is almost dead.
The iguana bites you!
You die...

... ##.# #.#....
#####.#.##..# ...#.#.##..#
..... ....#.##..# ..... #
...#†##..#######...... ..
#..#.##..##.l@........
...#..#.##..<..####.....##
.#....#......)...........
........................#
...#...#.#..#####.#.....#
#.....#.....##.#.....#
.......####.##.##.#.....####
............................
.........#..........)..####


You could see an iguana.

Vanquished Creatures
  2 adders (D:3)
  An ooze (D:3)
  A worm (D:2)
  A dart slug (D:3)
  An orc (D:3)
  A giant cockroach (D:3)
  2 goblins
  3 hobgoblins
  7 jackals
  2 quokkas (D:3)
  3 bats
  4 frilled lizards
  5 kobolds
  5 rats
38 creatures vanquished.

Notes
Turn   | Place    | Note
-------+----------+-------------------------------------------
     0 | D:1      | Morenatsu the Draconian Conjurer began the quest for the
                  | Orb.
     0 | D:1      | Reached XP level 1. HP: 14/14 MP: 3/3
   288 | D:1      | Reached XP level 2. HP: 17/20 MP: 3/5
  1286 | D:2      | Noticed Sigmund
  1312 | D:3      | Reached XP level 3. HP: 23/26 MP: 0/6
  1330 | D:3      | Reached skill level 5 in Conjurations
  1709 | D:3      | Slain by an iguana

Vault maps used:
D:1:      dpeg_arrival_fog, corexii_hall_statues_i, chequers_mini_garden
D:2:      first_ration, uniq_sigmund, uniq_jessica, uniq_natasha
D:3:      gammafunk_temple_overflow_pools, minmay_misc_feat_diagonals,
          st_stairs_2, nicolae_ru_great_annihilating_truth

Skill      XL: |  1  2  3 |
---------------+----------+-----
Dodging        | 2 |  2.0
Conjurations   | 5 |  5.4
Fighting       | |  0.1
Short Blades   | |  0.2
Stealth        | |  1.7
Spellcasting   | |  2.0

Action                   || total
-------------------------++-------
Melee: Unarmed           ||     9
       Short sword       ||    68
       Tailslap          ||     5
 Cast: Magic Dart        ||    60
  Use: Scroll            ||     5
       Potion            ||     1
  Eat: Chunk             ||     3
Armor: Skin              ||    45
Dodge: Dodged            ||   100

Table legend:
 A = Non-vault XP
 B = Vault XP
 C = Vault XP percentage of total XP
 D = Non-vault monster count
 E = Vault monster count
 F = Vault count percentage of total count
                 A         B        C        D         E       F
            +---------+---------+-------+---------+---------+-------
      Total |      95 |       0 |   0.0 |      38 |       0 |   0.0
            +---------+---------+-------+---------+---------+-------
        D:1 |      27 |       0 |   0.0 |      19 |       0 |   0.0
        D:2 |       9 |       0 |   0.0 |       3 |       0 |   0.0
        D:3 |      59 |       0 |   0.0 |      16 |       0 |   0.0
            +---------+---------+-------+---------+---------+-------
